 Seeded DCSS version 0.30-a0-918-g0ff054e9dc (webtiles) character file.

Game seed: 13555036537017109050 (custom seed)

842 GigaChad the Chopper (level 8, -3/61 HPs)
             Began as a Formicid Fighter on Mar 20, 2023.
             Slain by a water moccasin (7 damage)
             ... on level 6 of the Dungeon.
             The game lasted 00:06:26 (4856 turns).

GigaChad the Chopper (Formicid Fighter)             Turns: 4856, Time: 00:06:26

Health: -3/61      AC: 11    Str: 26    XL:     8   Next: 20%
Magic:  17/17      EV: 11    Int: 12    God:
Gold:   414        SH:  5    Dex: 14    Spells: 7/7 levels left

rFire   . . .      SeeInvis +    a - +0 war axe
rCold   . . .      Faith    .    c - +0 buckler
rNeg    . . .      Spirit   .    B - quicksilver dragon scales of Josamox {*Slow Will+ Int+4 Slay+6}
rPois   +          Reflect  .    (helmet unavailable)
rElec   .          Rampage  .    (no cloak)
rCorr   +                        (no gloves)
Will    +....                    (no boots)
Stlth   +                        (no amulet)
HPRegen 0.30/turn                e - ring of Teahytax {rPois Dex+3}
MPRegen 0.15/turn                n - ring "Vegaip" {Wiz rCorr MP+9 Str+3 Dex-2}

@: lethally poisoned (-3 -> -8)
A: permanent stasis, dig shafts and tunnels, antennae 3, four strong arms
a: Dig, Shaft Self


You were on level 6 of the Dungeon.
You visited 1 branch of the dungeon, and saw 6 of its levels.

You collected 1554 gold pieces.
You spent 1140 gold pieces at shops.

Inventory:

Hand Weapons
 a - a +0 war axe (weapon)
 r - a +1 spear of flaming
 H - a +0 halberd
Missiles
 l - 4 throwing nets
Armour
 b - a +0 scale mail
 c - a +0 buckler (worn)
 t - a +0 chain mail
 B - the quicksilver dragon scales of Josamox (worn) {*Slow Will+ Int+4 Slay+6}
   (You bought it in a shop on level 4 of the Dungeon)

   Int:       It affects your intelligence (+4).
   Slay:      It affects your accuracy & damage with ranged weapons and melee
   (+6).
   *Slow:     It may slow you when you take damage.
   Will:      It increases your willpower.
Jewellery
 e - the ring of Teahytax (left hand) {rPois Dex+3}
   (You acquired it on level 1 of the Dungeon)

   [ring of poison resistance]

   Dex:       It affects your dexterity (+3).
   rPois:     It protects you from poison.
 h - an amulet of the acrobat
 n - the ring "Vegaip" (right hand) {Wiz rCorr MP+9 Str+3 Dex-2}
   (You acquired it on level 2 of the Dungeon)

   [ring of wizardry]

   It improves your spell success rate.
   Str:       It affects your strength (+3).
   Dex:       It affects your dexterity (-2).
   MP:        It affects your magic capacity (+9).
   rCorr:     It protects you from acid and corrosion.
 v - a ring of magical power
 x - a +4 ring of protection
 y - a +6 ring of dexterity
 G - a ring of ice
Wands
 i - a wand of mindburst (2)
 u - a wand of flame (16)
 A - a wand of polymorph (10)
 I - a wand of roots (11)
Scrolls
 g - 4 scrolls of identify
 p - 3 scrolls of immolation {unknown}
 w - a scroll of vulnerability {unknown}
 C - a scroll of fog {unknown}
 E - a scroll of enchant weapon {unknown}
 F - 2 scrolls of noise {unknown}
Potions
 d - 2 potions of might
 f - 3 potions of curing
 j - 3 potions of haste {unknown}
 k - 5 potions of heal wounds {unknown}
 m - 2 potions of degeneration {unknown}
 o - 2 potions of attraction {unknown}
 q - a potion of flight {unknown}
 s - a potion of mutation {unknown}
 z - a potion of lignification {unknown}
 D - a potion of magic {unknown}


   Skills:
 + Level 4.9 Fighting
 + Level 6.3 Axes
 + Level 5.2 Armour
 + Level 1.4 Dodging
 + Level 0.9 Stealth
 + Level 5.4 Shields


You had 7 spell levels left.
You didn't know any spells.
Your spell library contained the following spells:

 Spells                   Type           Power      Damage    Failure   Level
 Magic Dart               Conj           0%         1d3       22%         1
 Searing Ray              Conj           0%         2d4       32%         2
 Kindle Blastsparks       Fire/Tloc/Air  0%         2d10      52%         3
 Fulminant Prism          Conj/Hex       0%         3d5       89%         4
 Iskenderun's Mystic Bla  Conj/Tloc      0%         2d3       89%         4
 Lee's Rapid Deconstruct  Erth           0%         3d4*      99%         5


Dungeon Overview and Level Annotations

Branches:
Dungeon (6/15)             Temple (0/1) D:4

Altars:
Yredelemnul

Shops:
D:4 [


Innate Abilities, Weirdness & Mutations

You cannot be hasted, slowed, berserked, paralysed or teleported.
You can dig through walls and to a lower floor.
You have a pair of large antennae on your head. (SInv)
Your four strong arms can wield two-handed weapons with a shield.


Message History

A water moccasin comes into view.
A water moccasin is nearby!
A water moccasin is nearby!
The water moccasin hisses angrily.
No target in view!
No target in view!
No target in view!
A water moccasin is nearby!
A water moccasin is nearby!
A water moccasin is nearby!
The water moccasin closely misses you.
You barely miss the water moccasin. The water moccasin misses you. x2
You hit the water moccasin.
The water moccasin is lightly wounded.
The water moccasin closely misses you. The water moccasin misses you.
You slash the water moccasin!
The water moccasin is severely wounded.
The water moccasin bites you.
You miss the water moccasin.
The water moccasin is severely wounded.
You block the water moccasin's attack. The water moccasin bites you.
You are poisoned.
The water moccasin poisons you!
You are too injured to fight recklessly!
You are too injured to fight recklessly!
You are too injured to fight recklessly!
You barely miss the water moccasin.
The water moccasin is severely wounded.
You feel very sick. The water moccasin bites you. x2
* * * LOW HITPOINT WARNING * * *
You completely miss the water moccasin.
The water moccasin is severely wounded.
You feel sick. The water moccasin bites you!
* * * LOW HITPOINT WARNING * * *
You miss the water moccasin.
The water moccasin is severely wounded.
* * * LOW HITPOINT WARNING * * *
You feel sick. The water moccasin bites you!
You die...

### #.# #....# #.#
.#...#####.# .#
.?.#....##.##
...#...#...)..##
#.#.......#))...##
.....#.#.#)†))...#
..#...S.##<....##
#....#@####)..##
#.....####)##
.....#.#......#
#.#.......#####
...#...#..
.#....#....#
...#...#..#
#........#
..#.#.#.#


You could see a water moccasin.

Vanquished Creatures
  An ogre (D:5)
  2 phantoms
  A gnoll sergeant (D:6)
  A gnoll bouda (D:5)
  A hound (D:5)
  3 iguanas
  Natasha (thrice) (D:2)
  Robin (D:4)
  14 gnolls
  5 adders
  2 ufetubi
  3 worms
  4 dart slugs
  15 orcs
  3 ball pythons
  6 endoplasms
  3 giant cockroaches
  16 goblins
  8 hobgoblins
  7 jackals (D:4)
  3 quokkas (D:2)
  7 bats
  5 frilled lizards
  4 kobolds
  6 rats
  A spectral orc (D:5)
125 creatures vanquished.

Notes
Turn   | Place    | Note
-------+----------+-------------------------------------------
     0 | D:1      | GigaChad the Formicid Fighter began the quest for the Orb.
     0 | D:1      | Reached XP level 1. HP: 18/18 MP: 1/1
   296 | D:1      | Reached XP level 2. HP: 24/24 MP: 2/2
   491 | D:1      | Identified a scroll of acquirement
   491 | D:1      | Acquired the ring of Teahytax {rPois Dex+3}
   696 | D:2      | Reached XP level 3. HP: 30/30 MP: 3/3
   703 | D:2      | Reached XP level 4. HP: 23/37 MP: 4/4
   806 | D:2      | Noticed Natasha
   812 | D:2      | Killed Natasha
   813 | D:2      | Reached skill level 3 in Axes
   843 | D:2      | Reached XP level 5. HP: 30/42 MP: 5/5
  1246 | D:2      | Noticed Natasha
  1253 | D:2      | Killed Natasha
  1377 | D:2      | Acquired 1283 gold pieces
  1500 | D:2      | Noticed Natasha
  1509 | D:2      | Killed Natasha
  1673 | D:2      | Acquired the ring "Vegaip" {Wiz rCorr MP+9 Str+3 Dex-2}
  2484 | D:3      | Reached XP level 6. HP: 48/48 MP: 6/6
  2739 | D:4      | Reached skill level 4 in Axes
  2739 | D:4      | Reached skill level 5 in Shields
  3106 | D:4      | Found Haida's Dragon-Slaying Spoils.
  3113 | D:4      | Bought the quicksilver dragon scales of Josamox {*Slow
                  | Will+ Int+4 Slay+6} for 1140 gold pieces
  3295 | D:4      | Noticed Robin
  3301 | D:4      | Killed Robin
  3460 | D:4      | Found a staircase to the Ecumenical Temple.
  3551 | D:5      | Entered Level 5 of the Dungeon
  3578 | D:5      | Reached XP level 7. HP: 55/55 MP: 7/7
  3639 | D:5      | Reached skill level 5 in Axes
  3754 | D:5      | Reached skill level 1 in Dodging
  3790 | D:5      | Reached skill level 5 in Armour
  4418 | D:5      | Found a basalt altar of Yredelemnul.
  4652 | D:6      | Reached skill level 6 in Axes
  4655 | D:6      | Reached XP level 8. HP: 32/61 MP: 8/8
  4856 | D:6      | Slain by a water moccasin

Illustrated notes

Levels and vault maps discovered:
D:1:      dpeg_arrival_water_fire, layout_basic
D:2:      layout_basic, hex_large, reono_crystal_passage, st_stairs_2,
          minmay_tromino_v7, uniq_natasha
D:3:      layout_basic
D:4:      kennysheep_goblin_castle, layout_rooms, lemuel_temple_firewalk_b,
          nicolae_shop_dragon_depot
D:5:      layout_loops_corners, yredelemnul_forgotten_temple_becter
D:6:      dreamdust_elfheim, layout_loops_cross, nicolae_kite_square_tiling_tiny

Skill      XL: |  1  2  3  4  5  6  7 |
---------------+----------------------+-----
Fighting       | 4 |  4.9
Axes           | 3 4 6 |  6.3
Armour         | 4 5 |  5.2
Shields        | 5 |  5.4
Dodging        | 1 |  1.4
Stealth        | |  0.9

Action                     |  1- 3 |  4- 6 |  7- 9 || total
---------------------------+-------+-------+-------++-------
  Melee: War axe           |    52 |   178 |    72 ||   302
    Use: Scroll            |     1 |     5 |       ||     6
 Armour: Scale mail        |    26 |    20 |       ||    46
         Chain mail        |       |    54 |       ||    54
         Quicksilver drago |       |     8 |    29 ||    37
  Dodge: Dodged            |    25 |    74 |    54 ||   153
  Block: Buckler           |    16 |    61 |    21 ||    98

Table legend: (Time is in decaauts)
 A = Elapsed time spent in this place.
 B = Non-inter-level travel time spent in this place.
 C = Inter-level travel time spent in this place.
 D = Time resting spent in this place.
 E = Time spent auto-exploring this place.
 F = Levels seen in this place.
 G = Mean time per level.
                   A        B        C        D        E       F      G
               +--------+--------+--------+--------+--------+-----+--------+
         Total |   4957 |   4736 |    221 |     17 |   3841 |   6 |  826.2 |
       Dungeon |   4957 |   4736 |    221 |     17 |   3841 |   6 |  826.2 |
               +--------+--------+--------+--------+--------+-----+--------+

Top non-repeatable levels by time:
     D:5: 1103 daAuts
     D:2: 1098 daAuts
     D:4: 932 daAuts
     D:3: 893 daAuts
     D:1: 710 daAuts
     D:6: 218 daAuts
